 Dungeon Crawl Stone Soup version 0.30.0-29-ga12c61a403 (webtiles) character file.

Game seed: 6294661936221462304

770 qw the Chopper (level 7, -22/44 HPs)
             Began as a Gargoyle Fighter on June 4, 2023.
             Annihilated by an ogre
             ... wielding a +0 giant spiked club
              (24 damage)
             ... on level 5 of the Dungeon.
             The game lasted 00:02:10 (3648 turns).

qw the Chopper (Gargoyle Fighter)                   Turns: 3648, Time: 00:02:11

Health: -22/44     AC: 16    Str: 22    XL:     7   Next: 82%
Magic:  7/7        EV:  8    Int:  8    God:
Gold:   162        SH:  4    Dex:  9    Spells: 6/6 levels left

rFire   + . .        Y - +0 war axe
rCold   + . .        c - +0 buckler
rNeg    + . .        i - +0 chain mail
rPois   inf          (helmet restricted)
rElec   +            (no cloak)
rCorr   .            l - +1 pair of gloves
SInv    .            (no boots)
Will    .....        (no amulet) Stlth
                     n - ring of protection from fire
HPRegen 0.27/turn    m - ring of ice
MPRegen 0.10/turn

%: no passive effects
@: about to teleport
A: sickness immunity, AC +4, negative energy resistance 1, electricity
resistance, torment resistance 1, petrification resistance, horns 1, fire
resistance 1
a: no special abilities


You were on level 5 of the Dungeon.
You visited 1 branch of the dungeon, and saw 5 of its levels.

You collected 162 gold pieces.


Innate Abilities, Weirdness & Mutations

You are immune to sickness and miasma.
Your stone body is resilient. (AC +4)
You are immune to poison.
You resist negative energy. (rN+)
You are resistant to electric shocks. (rElec)
You are resistant to unholy torment.
You are immune to petrification.
You have a pair of small horns on your head.
Your flesh is heat resistant. (rF+)


   Skills:
 - Level 5.0 Fighting
 + Level 7.0 Axes
 - Level 3.2 Armour
 - Level 1.2 Dodging
 - Level 3.2 Shields


You had 6 spell levels left.
You didn't know any spells.
Your spell library was empty.

Inventory:

Hand Weapons
 h - a +0 flail
 Y - a +0 war axe (weapon)
Armour
 c - a +0 buckler (worn)
 i - a +0 chain mail (worn)
 l - a +1 pair of gloves (worn)
Jewellery
 m - a ring of ice (right hand)
 n - a ring of protection from fire (left hand)
 q - the amulet of Elemental Vulnerability {rPois rF-- rC-- AC+8}
   (You found it on level 4 of the Dungeon)

   [amulet of nothing]

   AC:        It affects your AC (+8).
   rF:        It makes you very vulnerable to fire.
   rC:        It makes you very vulnerable to cold.
   rPois:     It protects you from poison.
Scrolls
 j - a scroll of identify
Potions
 a - a potion of lignification
 d - a potion of might
 e - a potion of attraction {unknown}
 g - a potion of mutation
 k - a potion of invisibility {unknown}
 o - a potion of curing
 r - a potion of ambrosia {unknown}

Dungeon Overview and Level Annotations

Branches:
Dungeon (5/15)
 Temple: D:4-7

Altars:

Annotations:
D:5 Duvessa, Edmund


Message History

Dowan's robes are whipped around by a magical breeze.
Dowan hits you but does no damage.
You miss Dowan.
Dowan is moderately wounded.
You closely miss Duvessa.
Edmund says, "I might not be good at magic, but I can still kill you!"
You block Dowan's attack.
Duvessa hits you with a +2 vampiric short sword.
You slash Dowan!
Dowan is severely wounded.
You hit Duvessa.
Duvessa hits you with a +2 vampiric short sword!
Dowan hits you but does no damage.
You barely miss Dowan. Your headbutt misses Dowan.
Dowan is severely wounded.
You slash Duvessa! Dowan gestures at you while chanting.
You resist with some effort.
Duvessa hits you with a +2 vampiric short sword.
You slash Dowan!
You kill Dowan!
Duvessa weeps, and shakes her weapon.
Duvessa goes berserk!
You hit Duvessa. Duvessa hits you but does no damage.
Duvessa hits you with a +2 vampiric short sword.
The ogre hits you with a +0 giant spiked club.
Edmund clears his throat.
Edmund hits you with a +1 heavy flail!
Your Axes skill increases to level 7!
3647 ||| READING scroll of teleportation.
As you read the scroll of teleportation, it crumbles to dust.
You feel strangely unstable. You block Duvessa's attack. x2
You barely miss Duvessa.
Duvessa is heavily wounded.
You barely miss the ogre. You hit the ogre. You barely miss Edmund.
Duvessa barely misses you.
The ogre hits you with a +0 giant spiked club!!
Ouch! That really hurt!
You die...

..... #.#.# ...#
O.. #..# .O..
#... .<...
#.####..####.....
#.....e@.........
......)@O..#.....
........O........
......>..<...##.
...........##...#
............. ###
..........####
#........##
#.?......#
.........


You could see Edmund, Duvessa (berserk) and 2 ogres.

Vanquished Creatures
  Menkaure (D:4)
  An orc warrior (D:4)
  2 scorpions (D:4)
  Dowan (D:5)
  A hound (D:4)
  3 iguanas
  Jessica (D:2)
  An orc wizard (D:4)
  Natasha (D:4)
  4 gnolls (D:4)
  4 adders
  A white imp (D:4)
  4 worms
  A dart slug (D:3)
  4 orcs (D:4)
  9 bats
  9 endoplasms
  16 giant cockroaches
  6 goblins
  9 hobgoblins
  5 jackals (D:3)
  6 quokkas
  5 ball pythons
  2 frilled lizards (D:2)
  8 kobolds
  7 rats
112 creatures vanquished.

Notes
Turn   | Place    | Note
-------+----------+-------------------------------------------
     0 | D:1      | qw the Gargoyle Fighter began the quest for the Orb.
     0 | D:1      | Reached XP level 1. HP: 14/14 MP: 1/1
     0 | D:1      | 0 ||| qw: Version: 0.2-a-106-g05974ce
     0 | D:1      | 0 ||| qw: Game counter: 1149
     0 | D:1      | 0 ||| qw: Always use a shield: true
     0 | D:1      | 0 ||| qw: God list: Okawaru
     0 | D:1      | 0 ||| qw: Allow faded altars: false
     0 | D:1      | 0 ||| qw: Do Orc after D:15 true
     0 | D:1      | 0 ||| qw: Do second Lair branch before Depths: true
     0 | D:1      | 0 ||| qw: Lair rune preference: random
     0 | D:1      | 0 ||| qw: Plans: Normal, Zot:1-4, Slime:5, God:TSO, Crypt,
                  | Tomb, Abyss, Pan, Hells, Win
     0 | D:1      | 0 ||| PLANNING D:1-11
    34 | D:1      | 34 ||| Stepping ~*~*~tactically~*~*~ (hiding).
    35 | D:1      | 35 ||| Stepping ~*~*~tactically~*~*~ (hiding).
    36 | D:1      | 36 ||| Stepping ~*~*~tactically~*~*~ (hiding).
   172 | D:1      | Reached skill level 2 in Axes
   185 | D:1      | 185 ||| Stepping ~*~*~tactically~*~*~ (stealth).
   223 | D:1      | Reached XP level 2. HP: 14/19 MP: 2/2
   449 | D:1      | 449 ||| Stepping ~*~*~tactically~*~*~ (stealth).
   457 | D:1      | Reached skill level 3 in Axes
   497 | D:1      | Reached XP level 3. HP: 18/23 MP: 3/3
   565 | D:1      | 565 ||| Stepping ~*~*~tactically~*~*~ (stealth).
   569 | D:1      | 569 ||| Stepping ~*~*~tactically~*~*~ (stealth).
   603 | D:1      | 603 ||| Stepping ~*~*~tactically~*~*~ (stealth).
   669 | D:1      | 669 ||| Stepping ~*~*~tactically~*~*~ (stealth).
   671 | D:1      | 671 ||| Stepping ~*~*~tactically~*~*~ (stealth).
   678 | D:1      | 678 ||| Stepping ~*~*~tactically~*~*~ (stealth).
   679 | D:1      | 679 ||| Stepping ~*~*~tactically~*~*~ (stealth).
   687 | D:1      | 687 ||| Stepping ~*~*~tactically~*~*~ (hiding).
   870 | D:1      | 870 ||| DROPPING ring of magical power.
   871 | D:1      | 871 ||| UPGRADING to ring of protection from fire.
   872 | D:1      | 872 ||| READING scroll labelled BETOIDY EHER.
   873 | D:1      | 873 ||| READING scroll labelled CEON ZOJACHEI.
   877 | D:1      | 877 ||| READING 2 scrolls labelled BINIOWKALO.
   878 | D:1      | 878 ||| READING scroll labelled CANAKH WIRCHUMU.
   879 | D:1      | 879 ||| READING scroll labelled TOCWIM VEROREM.
   918 | D:2      | 918 ||| Stepping ~*~*~tactically~*~*~ (stealth).
  1046 | D:2      | Reached XP level 4. HP: 27/28 MP: 4/4
  1099 | D:2      | 1099 ||| Stepping ~*~*~tactically~*~*~ (stealth).
  1190 | D:2      | Found a faded altar of an unknown god.
  1208 | D:2      | Noticed Jessica
  1213 | D:2      | Killed Jessica
  1214 | D:2      | Reached skill level 4 in Axes
  1363 | D:2      | 1363 ||| READING 3 scrolls labelled YDUELIKLEN.
  1364 | D:2      | 1364 ||| READING scroll labelled ZUMORH ANKUCK.
  1365 | D:2      | 1365 ||| READING scroll labelled VUGRUUDOIRCH.
  1366 | D:2      | 1366 ||| DRINKING 2 fuming coppery potions.
  1367 | D:2      | 1367 ||| DROPPING 2 scrolls of fear.
  1368 | D:2      | 1368 ||| DROPPING potion of degeneration.
  1640 | D:3      | Identified the +12 dagger of Frustration {flame, rElec}
  1772 | D:3      | 1772 ||| Stepping ~*~*~tactically~*~*~ (hiding).
  1781 | D:3      | Reached XP level 5. HP: 30/32 MP: 5/5
  2099 | D:3      | Reached skill level 5 in Axes
  2337 | D:3      | 2337 ||| Stepping ~*~*~tactically~*~*~ (stealth).
  2512 | D:3      | 2512 ||| UPGRADING to +0 chain mail.
  2522 | D:3      | 2522 ||| DROPPING +0 scale mail.
  2523 | D:3      | 2523 ||| UPGRADING to +0 pair of gloves.
  2528 | D:3      | 2528 ||| DRINKING 2 purple potions.
  2528 | D:3      | Gained mutation: Your flesh is heat resistant. (rF+)
                  | [potion of mutation]
  2528 | D:3      | Gained mutation: You have a pair of small horns on your
                  | head. [potion of mutation]
  2529 | D:3      | 2529 ||| UPGRADING to ring of ice.
  2530 | D:3      | 2530 ||| DRINKING 2 fuming puce potions.
  2654 | D:4      | Noticed Menkaure
  2664 | D:4      | HP: 4/33 [Menkaure (10)]
  2665 | D:4      | 2665 ||| DRINKING potion of heal wounds.
  2666 | D:4      | Killed Menkaure
  2667 | D:4      | Reached XP level 6. HP: 33/40 MP: 6/6
  2688 | D:4      | 2688 ||| Stepping ~*~*~tactically~*~*~ (stealth).
  2692 | D:4      | 2692 ||| Stepping ~*~*~tactically~*~*~ (stealth).
  2772 | D:4      | Noticed an orc warrior
  2773 | D:4      | 2773 ||| Stepping ~*~*~tactically~*~*~ (stealth).
  2782 | D:4      | 2782 ||| Stepping ~*~*~tactically~*~*~ (stealth).
  2783 | D:4      | 2783 ||| Stepping ~*~*~tactically~*~*~ (stealth).
  2785 | D:4      | 2785 ||| Stepping ~*~*~tactically~*~*~ (stealth).
  2786 | D:4      | 2786 ||| Stepping ~*~*~tactically~*~*~ (stealth).
  2787 | D:4      | 2787 ||| Stepping ~*~*~tactically~*~*~ (stealth).
  2788 | D:4      | 2788 ||| Stepping ~*~*~tactically~*~*~ (stealth).
  2789 | D:4      | 2789 ||| Stepping ~*~*~tactically~*~*~ (stealth).
  2796 | D:4      | Killed an orc warrior
  2797 | D:4      | Reached skill level 6 in Axes
  2797 | D:4      | Reached XP level 7. HP: 21/44 MP: 7/7
  2886 | D:4      | 2886 ||| DROPPING +0 whip.
  2984 | D:4      | Reached skill level 1 in Dodging
  3102 | D:4      | Found the amulet of Elemental Vulnerability {rPois rF--
                  | rC-- AC+8}
  3149 | D:4      | 3149 ||| Stepping ~*~*~tactically~*~*~ (hiding).
  3162 | D:4      | 3162 ||| FLEEEEING.
  3165 | D:4      | 3165 ||| FLEEEEING.
  3166 | D:4      | 3166 ||| FLEEEEING.
  3197 | D:4      | 3197 ||| Stepping ~*~*~tactically~*~*~ (stealth).
  3208 | D:4      | 3208 ||| Stepping ~*~*~tactically~*~*~ (hiding).
  3211 | D:4      | 3211 ||| Stepping ~*~*~tactically~*~*~ (hiding).
  3307 | D:4      | Noticed Natasha
  3312 | D:4      | Killed Natasha
  3441 | D:4      | 3441 ||| Stepping ~*~*~tactically~*~*~ (stealth).
  3581 | D:4      | 3581 ||| READING 2 scrolls labelled CENLOU SOQOTYA.
  3582 | D:4      | 3582 ||| READING scroll of enchant armour.
  3582 | D:4      | 3582 ||| ENCHANTING +0 pair of gloves.
  3583 | D:4      | 3583 ||| READING scroll labelled VEGGEL TELUAC.
  3616 | D:4      | 3616 ||| DRINKING 2 green potions.
  3617 | D:4      | 3617 ||| READING 2 scrolls of identify.
  3617 | D:4      | 3617 ||| IDENTIFYING clear potion
  3639 | D:5      | Entered Level 5 of the Dungeon
  3639 | D:5      | Noticed Duvessa
  3639 | D:5      | Noticed Dowan
  3641 | D:5      | Noticed Edmund
  3646 | D:5      | Killed Dowan
  3646 | D:5      | HP: 1/44 [Edmund/+1 heavy flail (15)]
  3647 | D:5      | Reached skill level 7 in Axes
  3647 | D:5      | 3647 ||| READING scroll of teleportation.
  3648 | D:5      | Annihilated by an ogre

Levels and vault maps discovered:
D:1:      saegor_arrival_simple_b, layout_rooms, dreamdust_princess_bridge,
          minmay_tromino_v2
D:2:      minmay_chambers_of_twos, layout_rooms,
          shapermc_ecumenical_altar_notcrosses, uniq_jessica
D:3:      minmay_roachtagon, layout_basic
D:4:      layout_basic, chequers_serial_rivers_micro_a, uniq_menkaure,
          uniq_natasha
D:5:      layout_rooms, uniq_duvessa, uniq_edmund

Skill      XL: |  1  2  3  4  5  6  7 |
---------------+----------------------+-----
Axes           | 2 3 4 5 6 7 |  7.0
Fighting       | 5 |  5.0
Dodging        | 1 |  1.2
Armour         | |  3.2
Shields        | |  3.2

Action                     |  1- 3 |  4- 6 |  7- 9 || total
---------------------------+-------+-------+-------++-------
  Melee: War axe           |   118 |   154 |    59 ||   331
         Headbutt          |       |     9 |     9 ||    18
    Use: Scroll            |     5 |     3 |     5 ||    13
         Potion            |       |     4 |     1 ||     5
 Armour: Scale mail        |    62 |    43 |       ||   105
         Chain mail        |       |    24 |    32 ||    56
  Dodge: Dodged            |    52 |    63 |    18 ||   133
  Block: Buckler           |    22 |    34 |     9 ||    65

Table legend:
 A = Non-vault XP
 B = Vault XP
 C = Vault XP percentage of total XP
 D = Non-vault monster count
 E = Vault monster count
 F = Vault count percentage of total count
                 A         B        C        D         E       F
            +---------+---------+-------+---------+---------+-------
      Total |     770 |     330 |  30.0 |      97 |      15 |  13.4
            +---------+---------+-------+---------+---------+-------
        D:1 |      49 |       3 |   5.8 |      30 |       2 |   6.2
        D:2 |      40 |      37 |  48.1 |      18 |       1 |   5.3
        D:3 |     103 |      18 |  14.9 |      20 |       9 |  31.0
        D:4 |     578 |     200 |  25.7 |      29 |       2 |   6.5
        D:5 |       0 |      72 | 100.0 |       0 |       1 | 100.0
            +---------+---------+-------+---------+---------+-------
